 Dungeon Crawl Stone Soup version 0.29.0-4-gdea44cf6ec (webtiles) character file.

Game seed: 11811449202697197270

63 qw the Ruffian (level 4, -1/35 HPs)
             Began as a Ghoul Fire Elementalist on Aug 29, 2022.
             Slain by an adder (3 damage)
             ... on level 3 of the Dungeon.
             The game lasted 00:01:50 (1843 turns).

qw the Ruffian (Ghoul Fire Elementalist)            Turns: 1843, Time: 00:01:51

Health: -1/35      AC: 10    Str: 13    XL:     4   Next: 9%
Magic:  5/5        EV:  3    Int: 10    God:
Gold:   51         SH:  0    Dex:  9    Spells: 5/6 levels left

rFire   . . .      SeeInvis .     - Unarmed
rCold   + . .      Faith    .   (no shield)
rNeg    + + +      Spirit   .   l - +0 plate armour
rPois   inf        Reflect  .   (no helmet)
rElec   .          Harm     .   (no cloak)
rCorr   .          Rampage  .   (no gloves)
Will    .....                   (no boots)
Stlth   ..........              (no amulet)
HPRegen 0.00/turn               (no ring)
MPRegen 0.09/turn               (no ring)

@: inhibited regen
A: claws 1, cold resistance 1, negative energy resistance 3, inhibited
regeneration, torment resistance 2, devour on kill
a: no special abilities


You were on level 3 of the Dungeon.
You visited 1 branch of the dungeon, and saw 3 of its levels.

You collected 51 gold pieces.


Innate Abilities, Weirdness & Mutations

You are immune to poison.
You have sharp fingernails.
Your flesh is cold resistant. (rC+)
You are immune to negative energy. (rN+++)
You do not regenerate when monsters are visible.
You are immune to unholy pain and torment.
You thrive by killing the living.


   Skills:
 - Level 1.0 Fighting
 + Level 0.4 Armour
 - Level 1.7 Dodging
 - Level 2.1 Stealth
 - Level 3.5 Unarmed Combat
 - Level 1.7 Spellcasting
 - Level 0.7 Conjurations
 - Level 2.4 Fire Magic


You had 5 spell levels left.
You knew the following spells:

 Your Spells              Type           Power      Damage    Failure   Level
a - Foxfire               Conj/Fire      16%        2x1d4     100%        1

Your spell library contained the following spells:

 Spells                   Type           Power      Damage    Failure   Level
 Scorch                   Fire           10%        2d5       100%        2
 Conjure Flame            Conj/Fire      4%         6-21      100%        3
 Inner Flame              Hex/Fire       3%         N/A       100%        3
 Flame Wave               Conj/Fire      4%         2d5       100%        4

Inventory:

Armour
 l - a +0 plate armour (worn)
Jewellery
 a - a ring of fire
Scrolls
 h - a scroll of identify
 k - a scroll of enchant weapon
Potions
 e - a potion of degeneration {unknown}
 f - 3 potions of curing
 g - a potion of heal wounds {unknown}
 n - a potion of might {unknown}

Dungeon Overview and Level Annotations

Branches:
Dungeon (3/15)

Altars:

Shops:
D:1 !


Message History

The orc is heavily wounded.
The orc hits you from afar with a +0 trident.
The orc hits you but does no damage. The adder bites you but does no damage.
You scratch the orc but do no damage.
The orc is moderately wounded.
The orc priest hits you but does no damage.
The orc hits you but does no damage. x2; The adder bites you but does no damage.
You scratch the orc.
The orc is heavily wounded.
The adder bites you but does no damage.
The orc priest hits you but does no damage.
The orc hits you but does no damage. x2; The adder bites you but does no damage.
You scratch the orc.
You kill the orc!
The orc priest hits you with a +0 hand axe.
The orc hits you but does no damage. The adder bites you but does no damage.
You scratch the orc priest.
The orc priest is heavily wounded.
The orc priest hits you with a +0 hand axe.
The orc barely misses you. The adder bites you but does no damage.
You scratch the orc priest.
The orc priest is heavily wounded.
The adder bites you but does no damage. The orc priest barely misses you.
The orc hits you from afar with a +0 trident.
You scratch the orc priest.
The orc priest is severely wounded.
The adder bites you but does no damage.
The orc priest hits you with a +0 hand axe.
The orc barely misses you.
You closely miss the orc priest.
The orc priest is severely wounded.
The adder bites you but does no damage.
The orc priest hits you but does no damage.
The orc hits you from afar with a +0 trident.
You closely miss the orc priest.
The orc priest is severely wounded.
The adder bites you but does no damage.
The orc priest hits you but does no damage.
The adder bites you.
You die...

.. .## .. #.# #
.. .#
.#####.#####.###
!...............
##<........
#..@)......
#.)oS......
#...o......
#..........
#..........
...........
#.##.....##. ..
..###.# ... ...
.#


You could see an orc priest, an adder and an orc.

Vanquished Creatures
  2 adders (D:2)
  2 worms (D:2)
  2 orcs (D:3)
  3 endoplasms (D:2)
  2 giant cockroaches
  5 hobgoblins (D:2)
  A kobold (D:2)
  A quokka (D:1)
  A ball python (D:2)
  4 bats
  2 frilled lizards
  5 goblins
  6 rats
36 creatures vanquished.

Notes
Turn   | Place    | Note
-------+----------+-------------------------------------------
     0 | D:1      | qw the Ghoul Fire Elementalist began the quest for the Orb.
     0 | D:1      | Reached XP level 1. HP: 14/14 MP: 2/2
     0 | D:1      | 0 ||| qw: Version: 0.1-a-90-g952f4b7
     0 | D:1      | 0 ||| qw: Game counter: 3794
     0 | D:1      | 0 ||| qw: Always use a shield: true
     0 | D:1      | 0 ||| qw: God list: Okawaru
     0 | D:1      | 0 ||| qw: Allow faded altars: false
     0 | D:1      | 0 ||| qw: Do Orc after D:15 true
     0 | D:1      | 0 ||| qw: Do second Lair branch before Depths: true
     0 | D:1      | 0 ||| qw: Lair rune preference: random
     0 | D:1      | 0 ||| qw: Plans: Normal
     0 | D:1      | 0 ||| PLANNING D:1-11
    94 | D:1      | 94 ||| Stepping ~*~*~tactically~*~*~ (stealth).
    97 | D:1      | 97 ||| Stepping ~*~*~tactically~*~*~ (stealth).
    98 | D:1      | 98 ||| Stepping ~*~*~tactically~*~*~ (outnumbered).
    99 | D:1      | 99 ||| Stepping ~*~*~tactically~*~*~ (outnumbered).
   101 | D:1      | 101 ||| Stepping ~*~*~tactically~*~*~ (outnumbered).
   102 | D:1      | 102 ||| Stepping ~*~*~tactically~*~*~ (outnumbered).
   103 | D:1      | 103 ||| Stepping ~*~*~tactically~*~*~ (stealth).
   118 | D:1      | Reached skill level 1 in Unarmed Combat
   119 | D:1      | 119 ||| Stepping ~*~*~tactically~*~*~ (stealth).
   124 | D:1      | 124 ||| Stepping ~*~*~tactically~*~*~ (stealth).
   142 | D:1      | 142 ||| Stepping ~*~*~tactically~*~*~ (stealth).
   193 | D:1      | Reached skill level 1 in Fighting
   193 | D:1      | Reached XP level 2. HP: 23/23 MP: 3/3
   380 | D:1      | Found a faded altar of an unknown god.
   448 | D:1      | Found Rugatt's Distillery.
   624 | D:1      | 624 ||| SHOPLISTING potion of haste (110 gold, have 23).
   624 | D:1      | 624 ||| SHOPLISTING potion of might (44 gold, have 23).
   736 | D:1      | 736 ||| UPGRADING to +0 leather armour.
   746 | D:1      | 746 ||| DROPPING +0 robe.
   747 | D:1      | 747 ||| UPGRADING to +0 ring mail.
   757 | D:1      | 757 ||| DROPPING +0 leather armour.
   758 | D:1      | 758 ||| READING scroll labelled CIUNLI JECLOI.
   762 | D:1      | 762 ||| READING scroll labelled DICVEX MIPA.
   763 | D:1      | 763 ||| DRINKING 2 puce potions.
   764 | D:1      | 764 ||| DROPPING potion of magic.
   802 | D:2      | 802 ||| STAIRDANCE
   838 | D:2      | Reached skill level 2 in Unarmed Combat
  1070 | D:2      | Reached XP level 3. HP: 28/28 MP: 4/4
  1320 | D:2      | Reached skill level 3 in Unarmed Combat
  1689 | D:2      | Reached XP level 4. HP: 35/35 MP: 5/5
  1768 | D:2      | Identified the +10 hand axe of Gykuck {flame, rElec}
  1769 | D:2      | 1769 ||| UPGRADING to +2 ring mail of cold resistance.
  1779 | D:2      | 1779 ||| DROPPING +0 ring mail.
  1780 | D:2      | 1780 ||| UPGRADING to +0 plate armour.
  1790 | D:2      | 1790 ||| DROPPING +2 ring mail of cold resistance.
  1791 | D:2      | 1791 ||| DROPPING +6 ring of intelligence.
  1792 | D:2      | 1792 ||| READING 2 scrolls labelled MIMMATUIMO.
  1793 | D:2      | 1793 ||| READING 2 scrolls labelled VEURUTWIUD.
  1794 | D:2      | 1794 ||| READING scroll labelled WUSOPN INOMM.
  1795 | D:2      | 1795 ||| DRINKING 2 fizzy coppery potions.
  1796 | D:2      | 1796 ||| DROPPING potion of lignification.
  1797 | D:2      | 1797 ||| DROPPING scroll of noise.
  1827 | D:3      | 1827 ||| PLANNING SEWER
  1830 | D:3      | 1830 ||| Stepping ~*~*~tactically~*~*~ (outnumbered).
  1839 | D:3      | HP: 8/35 [orc priest/+0 hand axe (1)]
  1842 | D:3      | HP: 2/35 [orc/+0 trident (3)]
  1843 | D:3      | Slain by an adder

Levels and vault maps discovered:
D:1:      onia_arrival_mini_maze_b, layout_rooms,
          chequers_ecumenical_altar_grove, serial_shops, shop
D:2:      layout_loops_cross
D:3:      layout_rooms, serial_corexii_hall, corexii_hall_statues_x,
          chequers_hall_statues_corner_a, chequers_hall_statues_y,
          cheibrodos_sewer_entry_sluice, serial_shops, shop,
          minmay_fractal_squares_5

Skill      XL: |  1  2  3 |
---------------+----------+-----
Unarmed Combat | 1 2 3 |  3.5
Fighting       | 1 |  1.0
Armour         | |  0.4
Dodging        | |  1.7
Stealth        | |  2.1
Spellcasting   | |  1.7
Conjurations   | |  0.7
Fire Magic     | |  2.4

Action                   |  1- 3 |  4- 6 || total
-------------------------+-------+-------++-------
Melee: Unarmed           |   146 |    13 ||   159
       Punch             |     2 |     1 ||     3
  Use: Scroll            |     2 |     3 ||     5
       Potion            |     1 |     1 ||     2
 Stab: Sleeping          |     1 |       ||     1
Armor: Robe              |    10 |       ||    10
       Ring mail         |    38 |       ||    38
       Plate armour      |       |    23 ||    23
Dodge: Dodged            |    85 |     5 ||    90

Table legend:
 A = Non-vault XP
 B = Vault XP
 C = Vault XP percentage of total XP
 D = Non-vault monster count
 E = Vault monster count
 F = Vault count percentage of total count
                 A         B        C        D         E       F
            +---------+---------+-------+---------+---------+-------
      Total |      90 |       0 |   0.0 |      36 |       0 |   0.0
            +---------+---------+-------+---------+---------+-------
        D:1 |      15 |       0 |   0.0 |      11 |       0 |   0.0
        D:2 |      67 |       0 |   0.0 |      22 |       0 |   0.0
        D:3 |       8 |       0 |   0.0 |       3 |       0 |   0.0
            +---------+---------+-------+---------+---------+-------
